 Dungeon Crawl Stone Soup version 0.21.1-1-g345015f (webtiles) character file.

244 theblackcape the Poker (level 6, -2/50 HPs)
             Began as a Gnoll Wanderer on June 18, 2018.
             Incinerated by kalagan's ghost (4 damage)
             ... with a sticky flame
             ... on level 3 of the Dungeon.
             The game lasted 00:17:25 (3873 turns).

theblackcape the Poker (Gnoll Wanderer)             Turns: 3873, Time: 00:17:26

Health: -2/50      AC:  6    Str: 16    XL:     6   Next: 10%
Magic:  8/8        EV: 12    Int: 17    God:
Gold:   161        SH:  0    Dex: 20    Spells: 4/8 levels left

rFire    . . .     SeeInvis .   u - +2 dagger (venom)
rCold    . . .     Gourm    .   (no shield)
rNeg     . . .     Faith    .   w - +0 animal skin
rPois    .         Spirit   .   n - +0 helmet
rElec    .         Reflect  .   (no cloak)
rCorr    .         Harm     .   h - +2 pair of gloves {Dex+3}
MR       .....                  (no boots)
Stlth    +.........             (no amulet)
HPRegen  0.16/turn              (no ring)
MPRegen  0.11/turn              (no ring)

@: mighty, liquid flames, glowing
A: distributed training, fangs 1, strong nose
a: no special abilities


You were on level 3 of the Dungeon.
You were hungry.

You visited 1 branch of the dungeon, and saw 4 of its levels.

You collected 161 gold pieces.

Inventory:

Hand Weapons
 e - a +0 blowgun
 o - a +0 hunting sling
 u - a +2 dagger of venom (weapon)
Missiles
 i - 32 stones
 k - 4 tomahawks (quivered)
 p - 19 sling bullets
 v - 14 poisoned needles
Armour
 h - a +2 pair of gloves of dexterity (worn)
 n - a +0 helmet (worn)
 w - a +0 animal skin (worn)
Wands
 y - a wand of flame (18)
Scrolls
 c - 2 scrolls of teleportation
 d - a scroll of amnesia {unknown}
 j - 2 scrolls of blinking {unknown}
 m - 2 scrolls of identify {unknown}
 q - a scroll of enchant armour {unknown}
 s - a scroll of random uselessness {unknown}
Potions
 g - a potion of magic
 r - a potion of degeneration {unknown}
 t - a potion of agility {unknown}
Books
 a - a book of Geomancy

   Spells                             Type                      Level
   a - Sandblast                      Earth                        1
   b - Passwall                       Transmutation/Earth          2
   c - Stone Arrow                    Conjuration/Earth            3
   d - Petrify                        Transmutation/Earth          4
   e - Lee's Rapid Deconstruction     Earth                        5
Comestibles
 f - 6 rations
 x - a chunk of flesh


   Skills:
 + Level 4.9 Fighting
 + Level 1.7 Short Blades
 + Level 1.7 Long Blades
 + Level 1.7 Axes
 + Level 1.7 Maces & Flails
 + Level 6.7 Polearms
 + Level 1.7 Staves
 + Level 1.7 Slings
 + Level 1.7 Bows
 + Level 1.7 Crossbows
 + Level 3.1 Throwing
 + Level 1.7 Armour
 + Level 1.7 Dodging
 + Level 1.7 Stealth
 + Level 3.1 Shields
 + Level 1.7 Unarmed Combat
 + Level 1.7 Spellcasting
 + Level 1.3 Conjurations
 + Level 2.5 Hexes
 + Level 1.3 Charms
 + Level 1.3 Summonings
 + Level 1.3 Necromancy
 + Level 1.3 Translocations
 + Level 1.3 Transmutations
 + Level 1.3 Fire Magic
 + Level 1.3 Ice Magic
 + Level 1.3 Air Magic
 + Level 4.0 Earth Magic
 + Level 1.3 Poison Magic
 + Level 2.0 Invocations
 + Level 1.7 Evocations


You had 4 spell levels left.
You knew the following spells:

 Your Spells              Type           Power        Failure   Level  Hunger
a - Sandblast             Erth           ###...       3%          1    ##.....
b - Stone Arrow           Conj/Erth      ##....       19%         3    ####...


Dungeon Overview and Level Annotations

Branches:
Dungeon (4/15)
 Temple: D:4-7

Altars:

Annotations:
D:4 kalagan's ghost, amateur DEFE


Innate Abilities, Weirdness & Mutations

Your experience applies equally to all skills.
You have very sharp teeth.
Your uncanny sense of smell can sniff out nearby items.


Message History

The sticky flame hits you!
You are covered in liquid flames!
* * * LOW HITPOINT WARNING * * *
You climb upwards.
You are covered in liquid flames!
* * * LOW HITPOINT WARNING * * *
There is a stone staircase leading down here.
You are on fire!
You are on fire!
You feel better.
You are covered in liquid flames!
* * * LOW HITPOINT WARNING * * *
You are on fire!
It was a potion of magic.
Magic courses through your body.
You are covered in liquid flames!
* * * LOW HITPOINT WARNING * * *
It was a potion of might.
You feel very mighty all of a sudden.
You are covered in liquid flames!
You die...

.#'###...# #..# #.#....#
##.# ##### ##.## #.#.####
.#.# #..# #.#.# .#.######
#..# #.#.# .#.#....#
##.## #.#.# ##.#.##.#
#..# #.#.# ........#
##..####.#.# ##...####
#.....[..#.#
#############.#@.....#.#
#.........#.######.#.#
####.#######.#.# #.#.#
...........#.#.# #.#.#
####.....#.#.#.# #.#.#
#.....#.#.#.######.#.#
#.....#.#.#........#.#
####....(#.#.#######..#)#
#......###.#.#######..#.#


There were no monsters in sight!

Vanquished Creatures
  A hound (D:3)
  2 orc wizards
  Robin (D:3)
  4 adders
  An ooze (D:2)
  4 worms
  A dart slug (D:2)
  2 leopard geckos (D:3)
  11 orcs
  2 ball pythons (D:3)
  3 giant cockroaches
  9 goblins (D:3)
  11 hobgoblins
  5 jackals
  10 kobolds
  2 quokkas (D:2)
  5 bats
  5 frilled lizards
  5 rats
84 creatures vanquished.

Notes
Turn   | Place    | Note
-------+----------+-------------------------------------------
     0 | D:1      | theblackcape the Gnoll Wanderer began the quest for the Orb.
     0 | D:1      | theblackcape set off with: a book of Geomancy, a potion of curing, a scroll of teleportation, a +0 robe, a +0 dagger, a ration
     0 | D:1      | Reached XP level 1. HP: 20/20 MP: 1/1
   623 | D:2      | Reached XP level 2. HP: 26/26 MP: 2/2
   667 | D:2      | Learned a level 1 spell: Sandblast
   794 | D:2      | Reached XP level 3. HP: 31/31 MP: 0/3
  1204 | D:2      | Reached skill level 1 in Invocations
  1578 | D:2      | Reached skill level 1 in Short Blades
  1578 | D:2      | Reached skill level 1 in Long Blades
  1578 | D:2      | Reached skill level 1 in Axes
  1578 | D:2      | Reached skill level 1 in Maces & Flails
  1578 | D:2      | Reached skill level 1 in Staves
  1578 | D:2      | Reached skill level 1 in Slings
  1578 | D:2      | Reached skill level 1 in Bows
  1578 | D:2      | Reached skill level 1 in Crossbows
  1578 | D:2      | Reached skill level 1 in Armour
  1578 | D:2      | Reached skill level 1 in Dodging
  1578 | D:2      | Reached skill level 1 in Stealth
  1578 | D:2      | Reached skill level 1 in Unarmed Combat
  1578 | D:2      | Reached skill level 1 in Spellcasting
  1578 | D:2      | Reached skill level 1 in Evocations
  1578 | D:2      | Reached XP level 4. HP: 38/38 MP: 0/5
  2120 | D:2      | Learned a level 3 spell: Stone Arrow
  2234 | D:3      | Noticed Robin
  2416 | D:3      | Reached skill level 1 in Conjurations
  2416 | D:3      | Reached skill level 1 in Charms
  2416 | D:3      | Reached skill level 1 in Summonings
  2416 | D:3      | Reached skill level 1 in Necromancy
  2416 | D:3      | Reached skill level 1 in Translocations
  2416 | D:3      | Reached skill level 1 in Transmutations
  2416 | D:3      | Reached skill level 1 in Fire Magic
  2416 | D:3      | Reached skill level 1 in Ice Magic
  2416 | D:3      | Reached skill level 1 in Air Magic
  2416 | D:3      | Reached skill level 1 in Poison Magic
  2506 | D:3      | Reached XP level 5. HP: 4/43 MP: 1/7
  3073 | D:3      | Killed Robin
  3530 | D:4      | Noticed kalagan's ghost (amateur DEFE)
  3552 | D:3      | Reached XP level 6. HP: 20/50 MP: 3/8
  3872 | D:3      | HP: 1/50 [burnt (6)]
  3873 | D:3      | Incinerated by kalagan's ghost

Skill      XL: |  1  2  3  4  5  6 |
---------------+-------------------+-----
Hexes          | 2 |  2.5
Invocations    | 1 2 |  2.0
Short Blades   | 1 |  1.7
Long Blades    | 1 |  1.7
Axes           | 1 |  1.7
Maces & Flails | 1 |  1.7
Staves         | 1 |  1.7
Slings         | 1 |  1.7
Bows           | 1 |  1.7
Crossbows      | 1 |  1.7
Armour         | 1 |  1.7
Dodging        | 1 |  1.7
Stealth        | 1 |  1.7
Unarmed Combat | 1 |  1.7
Spellcasting   | 1 |  1.7
Evocations     | 1 |  1.7
Conjurations   | 1 |  1.3
Charms         | 1 |  1.3
Summonings     | 1 |  1.3
Necromancy     | 1 |  1.3
Translocations | 1 |  1.3
Transmutations | 1 |  1.3
Fire Magic     | 1 |  1.3
Ice Magic      | 1 |  1.3
Air Magic      | 1 |  1.3
Poison Magic   | 1 |  1.3
Throwing       | 3 |  3.1
Shields        | 3 |  3.1
Earth Magic    | 4 |  4.0
Fighting       | |  4.9
Polearms       | |  6.7

Action                   |  1- 3 |  4- 6 || total
-------------------------+-------+-------++-------
Melee: Dagger            |    62 |   122 ||   184
       Bite              |     8 |    12 ||    20
       Punch             |       |     2 ||     2
 Fire: Hunting sling     |    18 |    32 ||    50
Throw: Tomahawk          |     2 |       ||     2
 Cast: Sandblast         |    20 |    29 ||    49
       Stone Arrow       |       |     8 ||     8
  Use: Scroll            |       |     2 ||     2
       Potion            |       |     3 ||     3
 Stab: Sleeping          |     1 |       ||     1
  Eat: Chunk             |     3 |     9 ||    12
Armor: Robe              |    28 |    32 ||    60
       Animal skin       |       |     9 ||     9
Dodge: Dodged            |    40 |    71 ||   111
